 Dungeon Crawl Stone Soup version 0.32-a0-675-gdc239d62e1 (webtiles) character file.

Game seed: 16063836988772798364

34 javelincjr the Grave Robber (level 3, -2/26 HPs)
             Began as a Ghoul Necromancer on Mar 11, 2024.
             Slain by a gnoll
             ... wielding a +0 flail
              (6 damage)
             ... on level 2 of the Dungeon.
             The game lasted 00:04:08 (1344 turns).

javelincjr the Grave Robber (Ghoul Necromancer)     Turns: 1344, Time: 00:04:08

Health: -2/26      AC:  3    Str: 13    XL:     3   Next: 31%
Magic:  6/6        EV: 12    Int: 14    God:
Gold:   18         SH:  0    Dex:  9    Spells: 5/6 levels left

rFire   . . .        i - +0 short sword (vamp)
rCold   + . .        (no shield)
rNeg    + + +        a - +0 robe
rPois   ∞            (no helmet)
rElec   .            (no cloak)
rCorr   .            k - +0 pair of gloves
SInv    .            (no boots)
Will    .....        h - amulet of magic regeneration
Stlth   ++           (no ring)
HPRegen 0.00/turn    (no ring)
MPRegen 0.50/turn

%: no passive effects
@: inhibited regen
A: claws 1, cold resistance 1, negative energy resistance 3, inhibited
regeneration, torment resistance 2, devour on kill
a: no special abilities


You were on level 2 of the Dungeon.
You visited 1 branch of the dungeon, and saw 2 of its levels.

You collected 18 gold pieces.

Inventory:

Hand Weapons
 f - a +0 sling
 i - a +0 vampiric short sword (weapon)
Armour
 a - a +0 robe (worn)
 k - a +0 pair of gloves (worn)
Jewellery
 h - an amulet of magic regeneration (around neck)
 j - a ring of ice
 l - an amulet of the acrobat
Scrolls
 c - 2 scrolls of noise {unknown}
 e - 2 scrolls of identify {unknown}
 g - 2 scrolls of teleportation {unknown}
 m - a scroll of immolation {unknown}
Potions
 b - a potion of magic
 d - a potion of degeneration {unknown}


   Skills:
 + Level 0.2 Fighting
 + Level 2.2 Dodging
 + Level 2.8 Stealth
 + Level 2.1 Spellcasting
 + Level 4.2 Necromancy


You had 5 spell levels left.
You knew the following spells:

 Your Spells              Type           Power      Damage    Failure   Level
a - Necrotise             Necr           52%        1d6       4%          1

Your spell library contained the following spells:

 Spells                   Type           Power      Damage    Failure   Level
 Vampiric Draining        Necr           13%        2d6       12%         3
 Animate Dead             Necr           13%        N/A       38%         4
 Curse of Agony           Necr           13%        N/A       75%         5


Dungeon Overview and Level Annotations

Branches:
Dungeon (2/15)

Altars:


Innate Abilities, Weirdness & Mutations

You are immune to poison.
You have sharp fingernails.
Your flesh is cold resistant. (rC+)
You are immune to negative energy. (rN+++)
You do not regenerate when monsters are visible.
You are immune to unholy pain and torment.
You thrive by killing the living.


Message History

You kill the quokka!
You start resting.
HP restored.
You see here a frilled lizard corpse.
m - a scroll labelled AQAWAGH WAPAPE
Found a stone staircase leading up.
A kobold comes into view. It is wielding a +0 whip.
A gnoll comes into view.
It is wielding a +0 flail and quivering a throwing net.
The kobold shouts!
The gnoll shouts!
You hear a shout! x2
The kobold completely misses you.
The gnoll throws a throwing net.
The throwing net closely misses you.
A gnoll comes into view. It is wielding a +0 club.
You see here a throwing net.
You closely miss the kobold. The kobold hits you but does no damage.
You hit the kobold but do no damage. The kobold misses you.
You hit the kobold.
You kill the kobold!
A gnoll comes into view. It is wielding a +0 spear.
The gnoll completely misses you.
You barely miss the gnoll.
A gnoll comes into view. It is wielding a +0 spear.
The gnoll barely misses you.
The gnoll shouts!
You hit the gnoll.
The gnoll is lightly wounded.
You hear a shout!
A kobold comes into view. It is wielding a +0 club.
The gnoll hits you with a +0 flail!
You closely miss the gnoll.
The gnoll is lightly wounded.
A bat comes into view.
The gnoll hits you with a +0 flail.
The bat moves out of view.
You completely miss the gnoll.
The gnoll is lightly wounded.
The gnoll hits you with a +0 flail!
* * * LOW HITPOINT WARNING * * *
You hit the gnoll.
You feel better.
The gnoll is moderately wounded.
The gnoll hits you with a +0 flail.
You die...

.#............
..............
#.........).. ###
#............ ..#
#............ #.#
#.....††.....
#)#.#.......†....
.#######(#.#............
...Kggg@...#.......#####
...g.###.###.##.#..#####
... #.....#.##.#......#
. #.#.#.#.##.#.####.#
#.#..<#.##.#.####.#
#.#####.##.#.#.....
#.......##.#.#.##.#
#########....# #.# ....
#.#


You could see 4 gnolls and a kobold.

Vanquished Creatures
  A dart slug (D:2)
  2 ball pythons (D:1)
  2 bats (D:1)
  4 endoplasms
  A giant cockroach (D:1)
  2 goblins (D:1)
  3 hobgoblins (D:1)
  4 quokkas
  3 frilled lizards
  3 kobolds
  3 rats
28 creatures vanquished.

Notes
Turn   | Place    | Note
-------+----------+-------------------------------------------
     0 | D:1      | javelincjr the Ghoul Necromancer began the quest for the
                  | Orb.
     0 | D:1      | Reached XP level 1. HP: 14/14 MP: 3/3
    26 | D:1      | Found a faded altar of an unknown god.
   177 | D:1      | Reached XP level 2. HP: 19/20 MP: 4/4
   961 | D:1      | Reached XP level 3. HP: 26/26 MP: 6/6
  1343 | D:2      | HP: 1/26 [gnoll/+0 flail (10)]
  1344 | D:2      | Slain by a gnoll

Illustrated notes

Levels and vault maps discovered:
D:1:      nzn_arrival_settlement, layout_loops_corners, serial_glass,
          glass_columns_a, glass_columns_a, ebering_ecumenical_altar_petrified,
          kennysheep_boxes
D:2:      layout_basic

Skill      XL: |  1  2 |
---------------+-------+-----
Dodging        | 2 |  2.2
Spellcasting   | 2 |  2.1
Fighting       | |  0.2
Stealth        | |  2.8
Necromancy     | |  4.2

Action                     || total
---------------------------++-------
  Melee: Unarmed           ||    84
         Punch             ||     2
         Short sword       ||    45
   Stab: Sleeping          ||     2
 Armour: Robe              ||    57
  Dodge: Dodged            ||    88

Table legend: (Time is in decaauts)
 A = Elapsed time spent in this place.
 B = Non-inter-level travel time spent in this place.
 C = Inter-level travel time spent in this place.
 D = Time resting spent in this place.
 E = Time spent auto-exploring this place.
 F = Levels seen in this place.
 G = Mean time per level.
                   A        B        C        D        E       F      G
               +--------+--------+--------+--------+--------+-----+--------+
         Total |   1343 |   1323 |     20 |     63 |    969 |   2 |  671.5 |
       Dungeon |   1343 |   1323 |     20 |     63 |    969 |   2 |  671.5 |
               +--------+--------+--------+--------+--------+-----+--------+

Top non-repeatable levels by time:
     D:1: 1013 daAuts
     D:2: 329 daAuts
